 Dungeon Crawl Stone Soup version 0.30-a0-777-ga9a30cbeda (webtiles) character file.

Game seed: 15764254556102748223

873 Hubris850 the Magician (level 7, -3/36 HPs)
             Began as a Deep Elf Conjurer on Feb 13, 2023.
             Slain by a water moccasin (4 damage)
             ... on level 5 of the Dungeon.
             The game lasted 00:14:52 (5439 turns).

Hubris850 the Magician (Deep Elf Conjurer)          Turns: 5439, Time: 00:14:53

Health: -3/36      AC:  5    Str:  4    XL:     7   Next: 74%
Magic:  12/19      EV: 18    Int: 25    God:
Gold:   302        SH:  0    Dex: 13    Spells: 13/20 levels left

rFire   . . .      SeeInvis .    w - +2 short sword (drain)
rCold   . . .      Faith    .    (no shield)
rNeg    . . .      Spirit   .    a - +0 robe
rPois   .          Reflect  .    p - +0 helmet
rElec   .          Harm     .    A - +0 cloak
rCorr   .          Rampage  .    h - +0 pair of gloves
Will    .....                    (no boots)
Stlth   ++                       (no amulet)
HPRegen 0.26/turn                d - +5 ring of evasion
MPRegen 0.16/turn                B - ring of flight

@: lethally poisoned (-3 -> -13), flying
A: no striking features
a: no special abilities


You were on level 5 of the Dungeon.
You visited 1 branch of the dungeon, and saw 5 of its levels.

You collected 302 gold pieces.

Inventory:

Hand Weapons
 c - a +0 short sword
 w - a +2 short sword of draining (weapon)
 x - a +2 dagger of protection
Missiles
 k - 14 boomerangs
 u - 14 poisoned darts
 E - 2 throwing nets
Armour
 a - a +0 robe (worn)
 h - a +0 pair of gloves (worn)
 p - a +0 helmet (worn)
 A - a +0 cloak (worn)
Magical Staves
 C - a staff of death
Jewellery
 d - a +5 ring of evasion (left hand)
 B - a ring of flight (right hand)
Wands
 t - a wand of digging (4)
Scrolls
 e - a scroll of teleportation {unknown}
 f - 2 scrolls of vulnerability {unknown}
 g - 2 scrolls of immolation {unknown}
 n - a scroll of amnesia {unknown}
 r - 2 scrolls of enchant armour {unknown}
 v - 2 scrolls of blinking {unknown}
 y - 4 scrolls of identify {unknown}
 F - a scroll of enchant weapon {unknown}
Potions
 b - a potion of magic
 i - 3 potions of berserk rage {unknown}
 j - 3 potions of attraction {unknown}
 l - 5 potions of curing {unknown}
 m - 2 potions of ambrosia {unknown}
 o - a potion of haste {unknown}
 q - a potion of mutation {unknown}
 s - 3 potions of heal wounds {unknown}
 z - 2 potions of brilliance {unknown}
 D - a potion of cancellation {unknown}


   Skills:
 - Level 3.5 Dodging
 - Level 3.0 Stealth
 + Level 7.2 Spellcasting
 + Level 7.1 Conjurations
 + Level 5.4 Hexes


You had 13 spell levels left.
You knew the following spells:

 Your Spells              Type           Power      Damage    Failure   Level
a - Magic Dart            Conj           100%       1d8       1%          1
b - Searing Ray           Conj           88%        2d7       1%          2
c - Fulminant Prism       Conj/Hex       20%        3d12      4%          4

Your spell library contained the following spells:

 Spells                   Type           Power      Damage    Failure   Level
 Dazzling Flash           Conj/Hex       80%        N/A       1%          3
 Momentum Strike          Conj/Tloc      52%        3d9       2%          2
 Ensorcelled Hibernation  Hex/Ice        44%        N/A       3%          2
 Beastly Appendage        Tmut           18%        N/A       7%          1
 Blink                    Tloc           18%        N/A       10%         2
 Lesser Beckoning         Tloc           18%        N/A       10%         2
 Wereblood                Tmut           9%         N/A       10%         2
 Iskenderun's Mystic Bla  Conj/Tloc      26%        2d7       16%         4
 Spider Form              Tmut/Pois      9%         N/A       21%         3
 Anguish                  Hex/Necr       11%        N/A       22%         4


Dungeon Overview and Level Annotations

Branches:
Dungeon (5/15)
 Temple: D:4-7

Altars:
Uskayaw


Message History

The water moccasin barely misses you.
You hit the water moccasin.
The water moccasin is severely wounded.
You feel very sick. The water moccasin misses you.
Your fulminant prism explodes!
The blast of energy engulfs the water moccasin!
The water moccasin is almost dead.
You barely miss the water moccasin.
The water moccasin is almost dead.
You feel sick.
The water moccasin bites you but does no damage.
You closely miss the water moccasin.
The water moccasin is almost dead.
You feel sick. The water moccasin closely misses you.
The water moccasin bites you.
You are more poisoned.
The water moccasin poisons you!
You miss the water moccasin.
The water moccasin is almost dead.
You feel very sick. The water moccasin bites you.
You are lethally poisoned!
The water moccasin poisons you!
You closely miss the water moccasin.
The water moccasin is almost dead.
* * * LOW HITPOINT WARNING * * *
You feel very sick. The water moccasin misses you.
The water moccasin barely misses you.
You barely miss the water moccasin.
The water moccasin is almost dead.
* * * LOW HITPOINT WARNING * * *
You feel very sick. The water moccasin closely misses you.
You closely miss the water moccasin.
The water moccasin is almost dead.
* * * LOW HITPOINT WARNING * * *
You feel very sick. The water moccasin bites you.
You die...

.# ##.##.#...# ..
##...###.... #.
#..### ###.. #.
###..# #. ###.
###....# #.
#...###......#######.
#.....#..#...#.....#.
#...S....#...#.......
##..@....#...........
#.........##.......##
##...#.#..# ...... #.
##..#.#>.# .###...##
######.... ##..#.
#.... #... #.... ##..
##.. #...


You could see a water moccasin (drained).

Vanquished Creatures
  Grinder (D:4)
  An ogre (D:4)
  A centaur (D:5)
  An orc priest (D:3)
  3 hounds
  2 jellies (D:5)
  2 iguanas (D:5)
  2 orc wizards
  Robin (D:2)
  4 adders
  3 gnolls (D:5)
  An ufetubus (D:5)
  5 worms
  A dart slug (D:4)
  19 orcs
  9 ball pythons
  5 bats
  9 endoplasms
  9 giant cockroaches
  15 goblins
  14 hobgoblins
  4 jackals
  6 kobolds
  3 frilled lizards
  4 rats
125 creatures vanquished.

Vanquished Creatures (others)
  18 fulminant prisms
  3 plants (D:5)
21 creatures vanquished.

Grand Total: 146 creatures vanquished

Notes
Turn   | Place    | Note
-------+----------+-------------------------------------------
     0 | D:1      | Hubris850 the Deep Elf Conjurer began the quest for the
                  | Orb.
     0 | D:1      | Reached XP level 1. HP: 10/10 MP: 6/6
   169 | D:1      | Reached XP level 2. HP: 15/15 MP: 0/8
   172 | D:1      | Learned a level 2 spell: Searing Ray
  1080 | D:1      | Reached XP level 3. HP: 19/19 MP: 8/10
  1830 | D:2      | Noticed Robin
  1852 | D:2      | Reached skill level 5 in Conjurations
  1860 | D:2      | Killed Robin
  1861 | D:2      | Reached XP level 4. HP: 24/24 MP: 0/12
  2563 | D:3      | Learned a level 4 spell: Fulminant Prism
  2565 | D:3      | Found a hide-covered altar of Uskayaw.
  2809 | D:3      | Reached skill level 1 in Hexes
  2809 | D:3      | Reached XP level 5. HP: 28/28 MP: 8/14
  3211 | D:3      | Reached skill level 5 in Spellcasting
  3507 | D:4      | Noticed Grinder
  3516 | D:4      | Paralysed by Grinder for 2 turns
  3642 | D:4      | Killed Grinder
  3643 | D:4      | Reached XP level 6. HP: 27/32 MP: 0/17
  4223 | D:4      | Reached XP level 7. HP: 36/36 MP: 13/18
  4757 | D:5      | Entered Level 5 of the Dungeon
  5013 | D:5      | Reached skill level 5 in Hexes
  5439 | D:5      | HP: 1/36 [poisoned by a water moccasin]
  5439 | D:5      | Slain by a water moccasin

Illustrated notes

Levels and vault maps discovered:
D:1:      dpeg_arrival_brainrot, layout_basic
D:2:      minmay_diamond_boxcup, layout_loops_ring, uniq_robin
D:3:      layout_basic, mainiacjoe_overflow_cross_hatched
D:4:      layout_basic, uniq_grinder
D:5:      layout_cave_pools, lemuel_coloured_pillars_altar,
          fedhas_ov_isle_minmay, pdpol_wu_jian_five_deadly_venoms

Skill      XL: |  1  2  3  4  5  6  7 |
---------------+----------------------+-----
Stealth        | 3 |  3.0
Dodging        | 3 |  3.5
Spellcasting   | 4 6 7 |  7.2
Conjurations   | 5 6 7 |  7.1
Hexes          | 1 3 4 5 |  5.4

Action                     |  1- 3 |  4- 6 |  7- 9 || total
---------------------------+-------+-------+-------++-------
  Melee: Short sword       |       |    19 |    32 ||    51
  Throw: Boomerang         |       |     1 |       ||     1
   Cast: Magic Dart        |    81 |   112 |    29 ||   222
         Searing Ray       |     1 |     1 |       ||     2
         Fulminant Prism   |       |     9 |     9 ||    18
 Armour: Robe              |     3 |     2 |     8 ||    13
  Dodge: Dodged            |     7 |    26 |    40 ||    73

Table legend: (Time is in decaauts)
 A = Elapsed time spent in this place.
 B = Non-inter-level travel time spent in this place.
 C = Inter-level travel time spent in this place.
 D = Time resting spent in this place.
 E = Time spent auto-exploring this place.
 F = Levels seen in this place.
 G = Mean time per level.
                   A        B        C        D        E       F      G
               +--------+--------+--------+--------+--------+-----+--------+
         Total |   5439 |   5351 |     88 |    857 |   3760 |   5 | 1087.8 |
       Dungeon |   5439 |   5351 |     88 |    857 |   3760 |   5 | 1087.8 |
               +--------+--------+--------+--------+--------+-----+--------+

Top non-repeatable levels by time:
     D:4: 1385 daAuts
     D:1: 1305 daAuts
     D:2: 1153 daAuts
     D:3: 991 daAuts
     D:5: 603 daAuts
